Map: Orbital Shipyard

Players

llllllllllll

  • Race: Protoss Protoss
  • League: Grandmaster

MorN - Winner!

  • Race: Terran Terran
  • League: Master

VOD

Have the link to the VOD?

Description

Time

  • Played on: Jan. 17, 2016, 6:10 p.m.
  • Length: 17:19
Show
View Real Time Build Order
Export as new Build Order

llllllllllll Protoss 

Build Orders: 1 Gate Expand 

Get SALT Encoding   

  12  0:01  Probe (Chrono Boost)  
  13  0:11  Probe (Chrono Boost)  
  14  0:17  Pylon  
  14  0:22  Probe (Chrono Boost)  
  16  0:35  Probe (Chrono Boost)  
  16  0:36  Gateway  
  16  0:42  Assimilator  
  16  0:46  Probe (Chrono Boost)  
  17  0:56  Probe (Chrono Boost)  
  18  1:07  Probe (Chrono Boost)  
  19  1:18  Nexus  
  19  1:21  Probe (Chrono Boost)  
  20  1:32  Probe (Chrono Boost)  
  21  1:34  Cybernetics Core  
  21  1:43  Probe (Chrono Boost)  
  22  1:53  Probe (Chrono Boost), Pylon  
  23  2:11  Probe (Chrono Boost)  
  23  2:12  Adept (Chrono Boost)  
  23  2:13  Warp Gate  
  26  2:23  Probe  
  27  2:35  Probe  
  28  2:40  Adept (Chrono Boost)  
  28  2:43  Probe  
  29  2:47  Probe  
  31  2:53  Probe  
  32  2:59  Mothership Core  
  32  3:04  Probe  
  35  3:14  Probe  
  36  3:20  Probe  
  36  3:22  Twilight Council  
  36  3:25  Probe  
  38  3:31  Assimilator  
  38  3:32  Probe (Chrono Boost)  
  39  3:36  Probe (Chrono Boost)  
  40  3:44  Probe (Chrono Boost)  
  40  3:48  Probe (Chrono Boost)  
  42  3:49  Nexus  
  43  3:55  Robotics Facility  
  43  3:56  Probe (Chrono Boost)  
  43  3:58  Probe (Chrono Boost)  
  43  4:01  Pylon  
  44  4:05  Pylon  
  44  4:06  Probe (Chrono Boost)  
  44  4:07  Resonating Glaives (Chrono Boost)  
  44  4:08  Probe (Chrono Boost)  
  46  4:14  Gateway  
  46  4:17  Gateway  
  46  4:18  Probe  
  46  4:19  Probe  
  48  4:25  Assimilator x2  
  48  4:28  Probe  
  49  4:32  Probe, Pylon  
  50  4:40  Probe  
  50  4:42  Observer (Chrono Boost)  
  50  4:44  Probe  
  53  4:52  Probe  
  54  4:56  Probe  
  55  5:00  Probe  
  55  5:02  Warp Prism (Chrono Boost)  
  55  5:04  Probe  
  55  5:06  Adept  
  61  5:08  Probe  
  61  5:10  Probe  
  63  5:15  Sentry, Adept, Pylon  
  63  5:16  Probe  
  63  5:20  Probe  
  63  5:21  Probe  
  70  5:29  Probe  
  70  5:31  Probe  
  70  5:32  Probe  
  70  5:34  Forge  
  73  5:36  Forge  
  73  5:40  Adept x3  
  71  5:55  Probe  
  71  5:56  Probe x2  
  72  6:02  Stalker x3  
  77  6:09  Probe  
  77  6:10  Mothership Core, Probe  
  79  6:15  Pylon  
  79  6:16  Pylon  
  79  6:19  Probe  
  79  6:21  Blink  
  79  6:22  Probe  
  79  6:23  Assimilator  
  79  6:24  Assimilator  
  79  6:25  Protoss Ground Weapons Level 1 (Chrono Boost), Protoss Ground Armor Level 1 (Chrono Boost)  
  81  6:26  Immortal (Chrono Boost)  
  81  6:31  Probe  
  85  6:35  Stalker x3  
  85  6:37  Probe  
  85  6:39  Probe  
  90  6:43  Probe, Pylon  
  91  6:50  Probe  
  91  6:51  Probe  
  93  6:55  Immortal, Probe  
  93  7:00  Sentry  
  100  7:02  Sentry x2  
  100  7:05  Pylon  
  100  7:06  Probe x2  
  100  7:07  Probe, Pylon  
  107  7:14  Pylon  
  107  7:16  Photon Cannon  
  107  7:18  Probe x2  
  109  7:22  Gateway  
  109  7:23  Probe  
  109  7:25  Gateway  
  109  7:26  Gateway  
  109  7:28  Gateway  
  110  7:31  Templar Archives, Gateway  
  110  7:34  Immortal  
  110  7:42  Stalker x3  
  120  7:53  Pylon  
  120  7:54  Pylon  
  120  7:55  Pylon  
  120  7:57  Pylon  
  116  8:07  Stalker x3  
  122  8:18  Protoss Ground Armor Level 2 (Chrono Boost)  
  122  8:23  Protoss Ground Weapons Level 2 (Chrono Boost)  
  120  8:39  Templar Archives, Robotics Facility  
  120  8:48  Adept x3  
  124  8:49  Adept x3  
  124  8:50  Adept x2  
  134  9:01  Mothership Core  
  136  9:08  Adept x3  
  139  9:13  Stalker x3  
  139  9:14  Stalker x2  
  142  9:26  Nexus, Pylon  
  142  9:27  Pylon x2  
  141  9:36  Psionic Storm  
  141  9:37  Warp Prism (Chrono Boost)  
  143  9:38  Probe  
  144  9:47  Probe  
  144  9:49  Probe  
  146  9:58  High Templar x4  
  154  10:00  Zealot x4  
  162  10:07  Charge  
  162  10:18  Immortal (Chrono Boost)  
  166  10:25  Probe  
  166  10:27  Probe x2  
  169  10:38  Probe  
  169  10:39  Probe  
  169  10:40  Probe x2  
  173  10:51  Immortal (Chrono Boost)  
  173  10:54  Assimilator  
  173  10:56  High Templar x2  
  173  10:57  High Templar  
  183  10:58  Assimilator  
  183  11:12  Photon Cannon x2  
  183  11:14  Photon Cannon  
  183  11:17  Pylon  
  183  11:18  Protoss Ground Weapons Level 3 (Chrono Boost), Protoss Ground Armor Level 3 (Chrono Boost)  
  183  11:20  Pylon  
  183  11:23  Observer  
  184  11:39  Immortal  
  184  11:55  Stargate  
  166  12:58  Adept x3  
  134  12:59  Adept x3  
  134  13:00  Adept  
  118  13:19  Immortal  
  114  13:25  Stalker x8  
  132  13:35  Nexus  
  108  14:02  Immortal  
  100  14:05  Stalker x3  
  100  14:06  Stalker x5  
  118  14:24  Mothership Core  
  118  14:25  Pylon  
  120  14:32  High Templar x3  
  120  14:33  High Templar  
  120  14:34  High Templar  
  120  14:35  High Templar x3  
  120  14:36  Archon  
  120  14:37  Archon  
  136  14:45  Probe  
  136  14:47  Probe x2  
  136  14:48  Probe  
  138  15:01  Warp Prism  
  138  15:05  Fleet Beacon  
  139  15:08  Nexus  
  139  15:16  Archon  
  133  15:30  Nexus  
  133  15:31  Pylon  
  133  15:32  Immortal  
  133  15:33  Pylon  
  133  15:34  Pylon  
  133  15:35  Pylon x2  
  133  15:40  Protoss Shields Level 1 (Chrono Boost)  
  133  15:41  Adept  
  133  15:42  Adept x3  
  145  15:45  Adept  
  142  16:20  Stalker x4  
  146  16:32  Archon  
  116  16:40  Stalker x2  
  116  16:41  Stalker x2  
Show
View Real Time Build Order
Export as new Build Order

MorN Terran - Winner!

Build Orders: Reaper Expand, MMM Bio 

Get SALT Encoding   

  12  0:01  SCV  
  13  0:13  SCV  
  14  0:17  Supply Depot  
  14  0:25  SCV  
  15  0:39  SCV  
  15  0:40  Barracks  
  16  0:44  Refinery  
  16  0:51  SCV  
  17  1:03  SCV  
  18  1:15  SCV  
  19  1:29  Reaper, Orbital Command  
  20  1:41  Refinery  
  20  1:48  Command Center  
  20  1:58  SCV  
  21  2:04  Barracks Reactor  
  21  2:10  SCV  
  21  2:12  Supply Depot  
  22  2:16  Barracks  
  22  2:26  SCV  
  23  2:30  Barracks  
  23  2:41  Marine x2  
  25  2:44  SCV  
  26  2:59  Marine  
  27  3:07  Barracks Tech Lab, Factory  
  26  3:13  SCV, Orbital Command  
  26  3:17  Refinery  
  27  3:21  Marine x2  
  27  3:22  Marine  
  27  3:25  SCV  
  31  3:31  Stimpack, Marine  
  32  3:37  SCV  
  32  3:39  Marine x3  
  32  3:41  SCV  
  37  3:49  SCV, Marine  
  37  3:51  Starport  
  37  3:53  SCV  
  37  3:55  Factory Reactor  
  40  3:59  Supply Depot  
  40  4:01  SCV  
  41  4:04  Marine  
  41  4:05  SCV, Marine  
  44  4:13  SCV, Marine  
  46  4:17  Supply Depot  
  46  4:20  Marine  
  46  4:22  Marine  
  48  4:24  SCV  
  48  4:25  SCV  
  50  4:33  Marine  
  50  4:35  Medivac  
  53  4:38  Supply Depot  
  53  4:39  Medivac  
  53  4:41  SCV, Marine  
  53  4:42  Marine  
  58  4:49  SCV  
  58  4:50  Marine  
  61  4:53  SCV  
  61  4:57  Command Center  
  61  5:02  Barracks Tech Lab  
  61  5:03  SCV  
  62  5:07  Supply Depot  
  62  5:19  SCV  
  62  5:21  Marine x3  
  65  5:22  Marauder  
  68  5:29  Engineering Bay  
  68  5:31  SCV  
  68  5:32  Engineering Bay  
  69  5:36  Combat Shields  
  69  5:37  Supply Depot  
  69  5:39  Marauder  
  65  5:54  Marine  
  66  5:59  Marine x2  
  66  6:01  Marauder  
  70  6:09  SCV x2  
  70  6:11  Terran Infantry Weapons Level 1, Refinery  
  71  6:12  Terran Infantry Armor Level 1  
  71  6:13  Refinery  
  71  6:15  Marine  
  71  6:17  Marine  
  71  6:18  Marauder  
  75  6:20  Barracks x2  
  75  6:28  Orbital Command  
  75  6:29  SCV  
  76  6:36  SCV  
  76  6:41  SCV, Marine x2  
  76  6:42  Marauder, Medivac x2, Marine  
  76  6:45  Factory Reactor  
  86  6:48  SCV  
  86  6:54  SCV x2  
  89  6:59  Marine x2  
  89  7:00  Marauder  
  91  7:03  SCV, Marine  
  91  7:07  SCV  
  91  7:08  SCV  
  95  7:10  Supply Depot  
  95  7:11  Barracks Reactor, Barracks Tech Lab  
  95  7:15  SCV  
  96  7:17  Missile Turret, Marine x2  
  96  7:18  Missile Turret  
  96  7:21  Marauder  
  100  7:26  Supply Depot  
  100  7:27  Supply Depot  
  100  7:29  Armory  
  100  7:31  Marauder, Medivac  
  100  7:33  Marine  
  100  7:35  SCV x2, Marine x2  
  109  7:44  Missile Turret  
  109  7:47  SCV x2, Marine  
  109  7:50  Marine x2  
  114  7:52  Marauder  
  114  7:53  Reaper  
  117  8:02  Marine x2  
  117  8:05  Marauder  
  121  8:08  Marine  
  121  8:11  Marine  
  123  8:13  Marauder  
  120  8:20  Marine x2  
  120  8:25  Marine, Marauder  
  120  8:26  Marine  
  117  8:29  Marine  
  108  8:34  Widow Mine x2  
  108  8:35  Marauder  
  108  8:38  Marine x2  
  116  8:43  Marine  
  116  8:44  SCV, Marauder  
  116  8:46  Marine x2  
  122  8:48  Barracks  
  122  8:49  Terran Infantry Weapons Level 2, Barracks, Terran Infantry Armor Level 2  
  122  8:50  Terran Vehicle And Ship Armor Level 1  
  122  8:52  Starport  
  122  8:54  Refinery  
  122  8:56  Refinery, Marauder  
  122  8:58  Marine  
  125  9:16  Supply Depot  
  125  9:17  Widow Mine x2  
  125  9:18  Supply Depot, Marine x4  
  125  9:20  Supply Depot, Liberator  
  125  9:22  Missile Turret  
  133  9:27  Marine, Marauder x2  
  133  9:29  Starport Tech Lab  
  132  9:33  Fusion Core  
  132  9:35  Marine  
  132  9:37  Medivac, Marine x2  
  140  9:40  Barracks Reactor, Barracks Tech Lab, Marauder  
  140  9:44  Marine  
  143  9:46  Widow Mine x2  
  143  9:48  Marauder  
  143  9:49  Command Center  
  143  9:50  Supply Depot  
  143  9:51  Supply Depot  
  143  9:52  Medivac  
  151  10:02  SCV  
  151  10:05  Liberator  
  152  10:07  Medivac  
  152  10:11  Marine  
  152  10:13  Concussive Shells  
  155  10:20  Medivac  
  157  10:22  Advanced Ballistics  
  160  10:30  Marauder x2, Marine x5  
  160  10:31  Marine x3  
  172  10:39  Widow Mine x2  
  176  10:47  Medivac  
  176  10:48  Marine x3  
  181  10:50  Liberator x2  
  181  10:53  Supply Depot  
  181  10:54  Supply Depot  
  181  10:56  Supply Depot  
  181  11:00  Marine x2  
  181  11:01  Marauder x4  
  171  11:06  Marine x3  
  171  11:08  Widow Mine  
  182  11:12  Liberator  
  182  11:16  Marine  
  182  11:18  Marine x2  
  185  11:22  Marauder x3  
  191  11:29  Marauder, Marine x3  
  199  11:35  Missile Turret  
  199  11:41  Missile Turret  
  199  11:42  Marine  
  199  11:45  Missile Turret  
  200  11:53  Marine  
  200  12:02  Command Center  
  198  12:19  Medivac  
  191  12:39  Medivac  
  191  12:55  Marine  
  191  12:56  Marauder, Liberator x2, Marine x3  
  191  12:57  Marauder  
  170  12:58  Marine  
  170  12:59  Marauder, Marine x2  
  136  13:13  Marine x2  
  136  13:14  Marine x2  
  136  13:16  Marine x2  
  136  13:17  Marauder  
  136  13:18  Marauder x2  
  152  13:21  Marauder  
  150  13:33  Marine x2  
  142  13:39  Marauder x2  
  128  13:58  Marine x4  
  128  13:59  Marauder  
  128  14:01  Medivac x2  
  103  14:18  Marine x3  
  103  14:19  Marauder x2  
  103  14:21  Barracks  
  110  14:25  Terran Infantry Weapons Level 3, Terran Infantry Armor Level 3  
  110  14:27  Barracks x2  
  110  14:28  Barracks  
  110  14:29  SCV x3  
  113  14:32  Marine x4  
  113  14:33  Marauder  
  113  14:36  Marine x2  
  121  14:40  Marauder, Marine  
  121  14:41  Marauder  
  126  14:49  Medivac x2  
  130  14:54  Marine  
  130  14:55  Marauder x2, Marine x2  
  130  14:56  Planetary Fortress  
  130  14:59  Missile Turret  
  137  15:01  Marine  
  137  15:02  Marauder  
  137  15:04  Marine  
  137  15:05  Marine x2  
  137  15:06  Widow Mine x2  
  147  15:17  Marauder  
  139  15:21  Marine  
  139  15:22  Marauder, Marine x3  
  139  15:23  Barracks Tech Lab x2, Marauder  
  139  15:24  Barracks Reactor  
  139  15:25  Barracks Tech Lab  
  139  15:28  SCV x2  
  149  15:35  Planetary Fortress  
  149  15:37  Marine x2  
  149  15:38  Marine x2  
  149  15:42  Marine x3  
  156  15:50  Widow Mine x2  
  153  16:10  Marine x2  
  153  16:11  Marauder  
  154  16:15  Marauder, Marine  
  156  16:19  Widow Mine  
  156  16:23  Marine  
  141  16:25  Marine  
  141  16:26  Marauder  
  141  16:32  Marauder, Marine x4  
  136  16:33  Marauder  
  136  16:37  Marauder, Marine x2  
  136  16:39  Marine x2  
  127  16:40  Marauder  
  127  16:41  Marine  
  127  16:43  Marine  
  109  16:47  Marauder  
  109  16:49  Marine x2  
  109  16:50  Marine x2  
  109  16:54  Marine x2, Marauder x2  
  114  16:56  Starport Reactor  
  114  16:57  Marine x2  
  114  16:59  Marine  
  122  17:00  Marine  
Tags
 
Add a new tag
Caveats
  • Supply blocks, unpowered buildings, or Contaminate may cause inaccurate times.
  • Supply counts are checked every 10 seconds.